 Dungeon Crawl Stone Soup version 0.31.0-9-g3a7656b989 (webtiles) character file.

Game seed: 12148557357128404291

1056 test the Ducker (level 8, -17/56 HPs)
             Began as a Djinni Fire Elementalist on Jan 24, 2024.
             Was a Priest of Makhleb.
             Demolished by an orc warrior
             ... wielding a +0 heavy broad axe
              (24 damage)
             ... on level 8 of the Dungeon.
             The game lasted 00:41:51 (3430 turns).

test the Ducker (Djinni Fire Elementalist)          Turns: 3430, Time: 00:41:52

Health: -17/56     AC:  5    Str: 15    XL:     8   Next: 51%
Gold:   208        EV: 14    Int: 24    God:    Makhleb [***...] SH:  0 Dex: 13

rFire   + + .        s - +4 club (spect)
rCold   x . .        y - orb {light}
rNeg    . . .        x - +0 steam dragon scales
rPois   ∞            (no helmet)
rElec   .            (no cloak)
rCorr   .            (no gloves)
SInv    .            (boots unavailable)
Will    .....        j - amulet of faith
Stlth   +            o - +6 ring of intelligence
HPRegen 0.29/turn    e - +6 ring of strength
MPRegen 0.00/turn

%: faith, infuse magic (-18 HP)
@: flying, glowing
A: sickness immunity, fire resistance 2, cold vulnerability 1, float, innate
caster, HP casting, extra vitality 1
a: Renounce Religion, Minor Destruction, Lesser Servant of Makhleb


You were on level 8 of the Dungeon.
You worshipped Makhleb.
Makhleb was most pleased with you.
You visited 2 branches of the dungeon, and saw 8 of its levels.

You collected 208 gold pieces.

Inventory:

Hand Weapons
 s - a +4 spectral club (weapon)
Missiles
 i - a throwing net
Armour
 b - a +2 robe
 x - +0 steam dragon scales (worn)
 y - an orb of light (worn)
Magical Staves
 u - a staff of death
Jewellery
 c - a ring of poison resistance
 e - a +6 ring of strength (right hand)
 j - an amulet of faith (around neck)
 o - a +6 ring of intelligence (left hand)
Scrolls
 f - 4 scrolls of revelation {unknown}
 g - a scroll of amnesia {unknown}
 h - a scroll of blinking {unknown}
 l - 3 scrolls of fear {unknown}
 n - 2 scrolls of noise {unknown}
 p - 2 scrolls of silence {unknown}
 q - a scroll of immolation
 r - 4 scrolls of teleportation {unknown}
 t - a scroll of poison {unknown}
 w - a scroll of fog {unknown}
Potions
 d - a potion of heal wounds {unknown}
 k - a potion of magic
 m - a potion of degeneration {unknown}
 v - a potion of might
 z - a potion of curing


   Skills:
 + Level 3.4 Fighting
 + Level 3.9 Maces & Flails
 + Level 1.3 Polearms
 + Level 0.3 Ranged Weapons
 + Level 5.9 Dodging
 + Level 3.8 Stealth
 + Level 0.2 Unarmed Combat
 + Level 3.3 Spellcasting
 + Level 3.3 Conjurations
 + Level 3.3 Hexes
 + Level 3.3 Summonings
 + Level 3.3 Necromancy
 + Level 3.3 Translocations
 + Level 3.3 Fire Magic
 + Level 3.3 Ice Magic
 + Level 3.3 Air Magic
 + Level 3.3 Earth Magic
 + Level 3.3 Alchemy


You knew the following spells:

 Your Spells              Type           Power      Damage    Failure   Level
a - Foxfire               Conj/Fire      76%        2x1d7     2%          1
b - Scorch                Fire           38%        2d6       4%          2
c - Volatile Blastmotes   Fire/Tloc      38%        2d13      9%          3
d - Inner Flame           Hex/Fire       19%        N/A       9%          3
e - Flame Wave            Conj/Fire      19%        2d7       26%         4
f - Freeze                Ice            76%        1d8       2%          1
g - Searing Ray           Conj           38%        2d5       4%          2
h - Fugue of the Fallen   Necr           19%        N/A       9%          3
Your spell library was empty.

Dungeon Overview and Level Annotations

Branches:
Dungeon (8/15)             Temple (1/1) D:7
   Lair: D:8-11

Altars:
Ashenzari
Cheibriados
Dithmenos
Elyvilon
Gozag
Hepliaklqana
Makhleb
Nemelex Xobeh
Trog
Uskayaw
Wu Jian
Xom
Yredelemnul
Zin
The Shining One

Annotations:
D:2 1 runed translucent door, Crazy Yiuf


Innate Abilities, Weirdness & Mutations

You are immune to sickness and miasma.
You are immune to poison.
Your flesh is very heat resistant. (rF++)
You are vulnerable to cold. (rC-)
You float through the air rather than walking.
You learn spells naturally, not from books.
Your magical power is your life essence.
You have superior vitality. (+4 MHP)


Message History

An orc comes into view. It is wielding a +0 hand axe.
The orc shouts!
An orc comes into view. It is wielding a +0 trident.
The orc shouts!
You hit the orc wizard.
The orc wizard is moderately wounded.
Your +4 spectral club hits the orc wizard.
You hear a shout!
The orc wizard misses you.
You hit the orc wizard.
The orc wizard is severely wounded.
Your +4 spectral club hits the orc wizard.
The orc wizard barely misses you.
You hit the orc wizard but do no damage.
The orc wizard is almost dead.
Your +4 spectral club hits the orc wizard.
You kill the orc wizard!
Makhleb accepts your kill.
The orc priest looks encouraged for a moment.
A centaur comes into view. It is wielding a +0 short sword.
You swap places.
Your +4 spectral club disappears.
Things that are here:
a +0 dagger; a +0 robe; an orc corpse You hit the orc warrior.
The orc warrior is lightly wounded.
The orc warrior hits you with a +0 heavy broad axe!
You completely miss the orc warrior.
The orc warrior is lightly wounded.
The orc warrior hits you with a +0 heavy broad axe.
You hit the orc warrior.
The orc warrior is moderately wounded.
You hit the orc warrior but do no damage.
The orc warrior is moderately wounded.
The orc warrior hits you with a +0 heavy broad axe!
* * * LOW HITPOINT WARNING * * *
You hit the orc warrior.
The orc warrior is heavily wounded.
The orc warrior hits you with a +0 heavy broad axe!!
You die...

#. #. #. #.###
###########...#
###.............#
..........# #..# ###
#........####..###o....
#..........##..@ooo....
#........#.##..###c....
#........#.##..# ###
##†.............#
..(########.##..# ##.#
#.##..# #.# #...<.# ...
#####.##### #.#
#......######.


You could see an orc warrior, a centaur, an orc priest and 2 orcs.

Vanquished Creatures
  A steam dragon (D:7)
  3 phantoms
  2 bullfrogs
  A scorpion (D:4)
  5 killer bees (D:8)
  A howler monkey (D:7)
  A hound (D:4)
  2 orc priests
  Jessica (D:2)
  2 orc wizards
  4 adders
  2 dart slugs
  7 orcs
  3 endoplasms
  4 giant cockroaches
  4 goblins
  3 hobgoblins
  5 quokkas
  4 ball pythons
  3 bats
  3 frilled lizards
  2 kobolds
  10 rats
73 creatures vanquished.

Vanquished Creatures (others)
  A shadow imp (D:7)
  39 foxfires
40 creatures vanquished.

Grand Total: 113 creatures vanquished

Notes
Turn   | Place    | Note
-------+----------+-------------------------------------------
     0 | D:1      | test the Djinni Fire Elementalist began the quest for the
                  | Orb.
     0 | D:1      | test set off with the following spells memorised: Foxfire,
                  | Scorch, Volatile Blastmotes, Inner Flame, Flame Wave.
     0 | D:1      | Reached XP level 1. HP: 15/15 MP: 0/0
   419 | D:1      | Found a faded altar of an unknown god.
   431 | D:1      | Prayed at the altar of an unknown god.
   431 | D:1      | Became a worshipper of Makhleb the Destroyer
   431 | D:1      | Reached * piety under Makhleb
   463 | D:1      | Reached XP level 2. HP: 18/21 MP: 0/0
   605 | D:2      | Reached XP level 3. HP: 11/25 MP: 0/0
   605 | D:2      | Learned a level 1 spell: Freeze
   628 | D:2      | Reached skill level 3 in Dodging
   960 | D:2      | Reached ** piety under Makhleb
  1017 | D:2      | Found a runed translucent door.
  1018 | D:2      | Noticed Crazy Yiuf
  1199 | D:2      | Noticed Jessica
  1209 | D:2      | Killed Jessica
  1210 | D:2      | Reached XP level 4. HP: 11/31 MP: 0/0
  1346 | D:3      | Reached skill level 1 in Fighting
  1346 | D:3      | Reached XP level 5. HP: 34/37 MP: 0/0
  1346 | D:3      | Learned a level 2 spell: Searing Ray
  1641 | D:3      | Reached skill level 1 in Polearms
  2183 | D:4      | Noticed a phantom
  2202 | D:4      | Killed a phantom
  2203 | D:4      | Reached skill level 1 in Maces & Flails
  2203 | D:4      | Reached skill level 4 in Dodging
  2203 | D:4      | Reached XP level 6. HP: 11/42 MP: 0/0
  2394 | D:4      | Reached *** piety under Makhleb
  2416 | D:4      | Reached XP level 7. HP: 44/49 MP: 0/0
  2416 | D:4      | Learned a level 3 spell: Fugue of the Fallen
  2540 | D:5      | Entered Level 5 of the Dungeon
  2562 | D:5      | You are sucked into a shaft and drop 2 floors!
  2563 | D:7      | Noticed a steam dragon
  2574 | D:7      | Killed a steam dragon
  2575 | D:7      | Reached skill level 5 in Dodging
  2653 | D:7      | Found a staircase to the Ecumenical Temple.
  2677 | Temple   | Entered the Ecumenical Temple
  3134 | D:7      | Reached XP level 8. HP: 40/55 MP: 0/0
  3430 | D:8      | Demolished by an orc warrior

Illustrated notes

Levels and vault maps discovered:
D:1:      nzn_arrival_settlement, layout_basic, ebering_ecumenical_altar_hall
D:2:      layout_rooms, grunt_decor_arrowhead, kennysheep_jessica_study,
          uniq_crazy_yiuf_cottage
D:3:      layout_basic, lemuel_doored_altar, minmay_diced_spiral
D:4:      layout_loops_ring
D:5:      layout_basic, solitary_fountain, uniq_grinder
D:7:      layout_basic, mainiacjoe_overflow_tiny_flanked,
          minmay_temple_entry_gardened_gates
D:8:      layout_loops_cross, wad_floor_pattern_untrapped, minmay_misc_feat_tiny
Temple:   nicolae_temple_slightly_damp_pantheon

Skill      XL: |  1  2  3  4  5  6  7  8 |
---------------+-------------------------+-----
Stealth        | 2 3 |  3.8
Dodging        | 3 4 5 |  5.9
Fighting       | 1 2 3 |  3.4
Polearms       | 1 |  1.3
Maces & Flails | 1 2 3 |  3.9
Ranged Weapons | |  0.3
Unarmed Combat | |  0.2
Spellcasting   | |  3.3
Conjurations   | |  3.3
Hexes          | |  3.3
Summonings     | |  3.3
Necromancy     | |  3.3
Translocations | |  3.3
Fire Magic     | |  3.3
Ice Magic      | |  3.3
Air Magic      | |  3.3
Earth Magic    | |  3.3
Alchemy        | |  3.3

Action                     |  1- 3 |  4- 6 |  7- 9 || total
---------------------------+-------+-------+-------++-------
  Melee: Unarmed           |    14 |       |       ||    14
         Club              |     8 |    37 |    70 ||   115
         Spear             |    33 |       |       ||    33
         Punch             |     1 |       |     1 ||     2
         Maw               |     1 |       |       ||     1
   Fire: Sling             |     3 |       |       ||     3
   Cast: Foxfire           |    23 |     3 |       ||    26
         Searing Ray       |       |    13 |     5 ||    18
         Volatile Blastmot |       |     1 |       ||     1
    Use: Potion            |     2 |     4 |       ||     6
         Scroll            |     1 |       |       ||     1
   Stab: Sleeping          |     1 |     1 |       ||     2
         Distracted        |       |     1 |       ||     1
 Armour: Robe              |    46 |    26 |     5 ||    77
         Skin              |     1 |       |       ||     1
         Steam dragon scal |       |       |    60 ||    60
  Dodge: Dodged            |    57 |    38 |    61 ||   156
  Block: Buckler           |       |       |     2 ||     2
         Form:             |     1 |       |       ||     1
         Maw               |     1 |       |       ||     1
